Map: Eternal Empire LE

Players

WaRzOnE - Winner!

  • Race: Protoss Protoss
  • League: Master
  • Spawn Location: 1:00

noobprime

  • Race: Zerg Zerg
  • League: Master
  • Spawn Location: 7:00

VOD

Have the link to the VOD?

Description

Time

  • Played on: Feb. 6, 2020, 11:50 a.m.
  • Length: 7:33
Show
View Real Time Build Order
Export as new Build Order

WaRzOnE Protoss - Winner!

Build Orders: 1 Gate Expand 

Get SALT Encoding   

  12  0:00  Probe  
  13  0:12  Probe  
  14  0:18  Pylon  
  14  0:24  Probe  
  15  0:36  Probe (Chrono Boost)  
  15  0:39  Gateway  
  16  0:48  Probe (Chrono Boost), Assimilator  
  17  0:52  Probe (Chrono Boost)  
  18  1:03  Probe  
  19  1:15  Probe  
  20  1:27  Nexus  
  20  1:37  Cybernetics Core  
  20  1:45  Pylon  
  20  1:51  Assimilator  
  20  1:53  Probe  
  21  2:05  Probe  
  22  2:11  Stalker (Chrono Boost)  
  22  2:14  Warp Gate  
  24  2:20  Probe  
  25  2:31  Robotics Facility  
  25  2:32  Probe  
  26  2:40  Gateway  
  26  2:41  Probe  
  27  2:44  Probe  
  27  2:49  Sentry  
  30  2:53  Probe  
  30  2:56  Probe  
  32  3:08  Probe  
  32  3:09  Probe  
  34  3:16  Immortal (Chrono Boost)  
  38  3:20  Probe  
  38  3:21  Probe  
  38  3:25  Gateway  
  40  3:29  Pylon  
  40  3:33  Probe  
  40  3:34  Sentry  
  43  3:45  Warp Prism (Chrono Boost)  
  43  3:55  Gateway  
  45  3:58  Gateway  
  45  4:01  Gateway  
  45  4:07  Gateway  
  45  4:11  Gateway  
  45  4:17  Gateway  
  45  4:22  Sentry x2  
  49  4:34  Zealot  
  49  4:37  Probe  
  52  4:51  Pylon  
  52  4:53  Pylon  
  52  4:55  Pylon  
  52  4:57  Pylon  
  52  5:00  Sentry  
  54  5:10  Zealot x3  
  54  5:11  Pylon, Zealot x4  
  68  5:32  Zealot  
  68  5:34  Sentry x2, Zealot x3  
  68  5:35  Zealot  
  78  5:49  Zealot x2  
  74  5:58  Zealot x2  
  74  5:59  Zealot x3  
  80  6:06  Sentry  
  76  6:20  Zealot x6  
  78  6:35  Zealot x3  
  80  6:51  Zealot x5  
  80  6:52  Sentry  
  82  7:12  Zealot x6  
  84  7:23  Zealot x2  
  84  7:24  Zealot  
Show
View Real Time Build Order
Export as new Build Order

noobprime Zerg 

Build Orders: Hatch First 

Get SALT Encoding   

  12  0:02  Drone  
  13  0:13  Overlord  
  13  0:17  Drone  
  14  0:32  Drone x2  
  16  0:36  Drone  
  17  0:55  Hatchery  
  17  0:56  Drone  
  17  1:11  Spawning Pool  
  16  1:13  Extractor  
  16  1:15  Drone  
  16  1:23  Drone x2  
  18  1:32  Drone  
  19  1:40  Overlord  
  19  1:52  Drone  
  20  1:58  Queen  
  22  2:06  Drone  
  22  2:08  Drone, Queen  
  25  2:14  Metabolic Boost  
  26  2:20  Zergling x2  
  26  2:21  Drone  
  28  2:24  Zergling x2  
  29  2:32  Drone  
  29  2:36  Drone  
  31  2:37  Queen  
  31  2:42  Drone  
  34  2:58  Overlord  
  34  2:59  Hatchery  
  33  3:05  Overlord  
  33  3:07  Drone x2  
  33  3:12  Drone  
  36  3:20  Drone x3  
  36  3:21  Drone x2  
  41  3:27  Drone x2  
  41  3:32  Lair  
  43  3:36  Extractor  
  43  3:38  Drone x2  
  44  3:47  Overlord  
  44  3:48  Drone x4  
  48  3:52  Drone x2  
  48  3:53  Drone  
  51  4:01  Roach Warren  
  50  4:13  Overlord  
  50  4:14  Extractor, Drone x3  
  50  4:16  Extractor  
  51  4:20  Overlord  
  51  4:21  Drone x5  
  56  4:28  Evolution Chamber  
  56  4:29  Drone  
  56  4:40  Overlord x2  
  56  4:43  Glial Reconstitution  
  56  4:49  Overlord  
  56  4:50  Roach x5  
  66  4:55  Overseer  
  66  5:00  Roach  
  66  5:01  Roach x4  
  66  5:04  Drone  
  77  5:07  Drone x2  
  77  5:08  Roach  
  81  5:15  Roach x3  
  81  5:17  Roach  
  89  5:22  Overseer  
  89  5:24  Overlord  
  89  5:25  Overlord  
  89  5:41  Overlord x2  
  79  5:50  Roach x2  
  79  5:51  Roach x7  
  95  5:58  Roach  
  95  6:00  Queen  
  91  6:05  Roach  
  91  6:06  Roach x3  
  91  6:07  Roach  
  82  6:24  Roach x5  
  86  6:45  Roach x2  
  86  6:46  Roach x3  
  92  6:51  Roach  
  90  6:54  Ravager  
  90  6:57  Roach  
Tags
 
Add a new tag
Caveats
  • Supply blocks, unpowered buildings, or Contaminate may cause inaccurate times.
  • Supply counts are checked every 10 seconds.